 Dungeon Crawl Stone Soup version 0.32-a0-38-gb04dd89b9b (webtiles) character file.

Game seed: 3512849123217925199

907 Newt the Changeling (level 8, -2/52 HPs)
             Began as an Octopode Shapeshifter on Jan 24, 2024.
             Was an Initiate of Makhleb.
             Slain by an orc warrior
             ... wielding a +0 long sword
              (18 damage)
             ... on level 7 of the Dungeon.
             The game lasted 00:04:09 (4240 turns).

Newt the Changeling (Octopode Shapeshifter)         Turns: 4240, Time: 00:04:10

Health: -2/52      AC:  1    Str: 16    XL:     8   Next: 8%
Magic:  8/8        EV: 14    Int: 12    God:    Makhleb [......]
Gold:   228        SH:  0    Dex: 17    Spells: 7/7 levels left

rFire   . .          .
                       - Unarmed
rCold   . . .        (no shield)
rNeg    + . .        (helmet currently unavailable)
rPois   .            p - amulet of magic regeneration
rElec   .            e - ring of positive energy
rCorr   .            l - +6 ring of dexterity
SInv    .            (no ring)
Will    .....        (no ring)
Stlth   +++          (no ring)
HPRegen 0.28/turn    (no ring)
MPRegen 0.51/turn    (no ring)
                     (no ring)

%: no passive effects
@: beast-form
A: beast (slay +4), almost no armour, amphibious, 8 rings, camouflage 1,
gelatinous body 1, (nimble swimmer 1), tentacles
a: Begin Untransformation, Renounce Religion


You were on level 7 of the Dungeon.
You worshipped Makhleb.
Makhleb was noncommittal.
You were a hulking beast.
You visited 2 branches of the dungeon, and saw 7 of its levels.

You collected 228 gold pieces.

Inventory:

Armour
 k - a +2 hat of see invisible
Jewellery
 e - a ring of positive energy (left tentacle)
 l - a +6 ring of dexterity (right tentacle)
 p - an amulet of magic regeneration (around mantle)
Talismans
 b - a beast talisman (active)
 c - a flux talisman
 f - a maw talisman
Scrolls
 d - 2 scrolls of teleportation
 n - a scroll of noise
 q - a scroll of immolation
Potions
 a - 2 potions of lignification
 g - a potion of degeneration
 h - 2 potions of curing
 i - 3 potions of brilliance
 j - 2 potions of might
 o - a potion of heal wounds


   Skills:
 - Level 3.0 Fighting
 + Level 3.3 Dodging
 - Level 5.0 Unarmed Combat
 - Level 7.0 Shapeshifting


You had 7 spell levels left.
You didn't know any spells.
Your spell library was empty.

Dungeon Overview and Level Annotations

Branches:
Dungeon (7/15)             Temple (1/1) D:6

Altars:
Dithmenos
Elyvilon
Gozag
Kikubaaqudgha
Makhleb
Nemelex Xobeh
Okawaru
Qazlal
Trog
Uskayaw
Vehumet

Shops:
D:2 [   D:6 [


Innate Abilities, Weirdness & Mutations

You are a hulking beast.
Your limbs bulge with bestial killing power. (Slay +4)
You cannot wear most types of armour.
You are amphibious.
You can wear up to eight rings at the same time.
Your skin changes colour to match your surroundings (Stealth+).
Your rubbery body absorbs attacks. (AC +1, EV +1)
((You are camouflaged when in or above water. (Stealth+)))
You have tentacles for arms and can constrict up to eight enemies at once.


Message History

You finish putting on your amulet of magic regeneration.
p - an amulet of magic regeneration (around mantle) 2 orcs come into view.
Found a human corpse.
An orc warrior comes into view. It is wielding a +0 long sword.
Found a robe.
Found a stone staircase leading up.
The orc hits you with a +0 mace.
You barely miss the orc. You grab the orc. You constrict the orc.
You tentacle-slap the orc but do no damage.
You tentacle-slap the orc.
You kill the orc!
Makhleb accepts your kill.
The orc shouts!
Found a robe and a ring mail.
Things that are here:
a +0 mace; an orc corpse The orc warrior hits you with a +0 long sword!
The orc misses you.
There is a broken door here.
You closely miss the orc warrior. You grab the orc warrior.
You constrict the orc warrior, but do no damage.
The orc warrior misses you. The orc hits you with a +0 club.
You tentacle-slap the orc warrior but do no damage.
You constrict the orc warrior.
The orc warrior hits you with a +0 long sword!
* * * LOW HITPOINT WARNING * * *
The orc completely misses you.
You are too injured to fight recklessly!
You are too injured to fight recklessly!
Unknown command.
You release your grip on the orc warrior.
Things that are here:
a +0 mace; an orc corpse Unknown command.
You tentacle-slap the orc warrior but do no damage.
You grab the orc warrior. You squeeze the orc warrior.
The orc warrior is moderately wounded.
You constrict the orc warrior.
The orc warrior hits you with a +0 long sword!!
You die...

..........###..
...........##
..........#
#........#
#.<......# #####
##........# #.[..
#.........#
#..[.##.........#
#.[.ooh.#.##.....
#...†##.#........
#.... ......<#...
#######.#.##.#...
#...# .# ....# #
.... ...


You could see an orc warrior and an orc.

Vanquished Creatures
  Grinder (D:3)
  Sigmund (D:3)
  An ice beast (D:6)
  2 phantoms (D:6)
  A hound (D:6)
  2 orc wizards (D:6)
  3 gnolls (D:6)
  13 adders
  A white imp (D:6)
  2 ribbon worms
  A dart slug (D:3)
  7 orcs
  A bat (D:1)
  7 endoplasms
  3 giant cockroaches
  4 hobgoblins
  3 jackals (D:1)
  A quokka (D:1)
  12 ball pythons
  A frilled lizard (D:1)
  6 kobolds
  9 rats
82 creatures vanquished.

Notes
Turn   | Place    | Note
-------+----------+-------------------------------------------
     0 | D:1      | Newt the Octopode Shapeshifter began the quest for the Orb.
     0 | D:1      | Reached XP level 1. HP: 13/13 MP: 1/1
   140 | D:1      | Reached XP level 2. HP: 9/19 MP: 2/2
   814 | D:2      | Reached XP level 3. HP: 16/25 MP: 3/3
  1008 | D:2      | Reached XP level 4. HP: 28/31 MP: 4/4
  1131 | D:2      | Reached skill level 4 in Shapeshifting
  1176 | D:2      | Found Uliasoiz's Armour Boutique.
  1492 | D:2      | Reached XP level 5. HP: 24/36 MP: 5/5
  1634 | D:3      | Found an ancient bone altar of Kikubaaqudgha.
  1673 | D:3      | Found a faded altar of an unknown god.
  1813 | D:3      | Noticed Sigmund
  1821 | D:3      | Killed Sigmund
  1822 | D:3      | Reached skill level 5 in Shapeshifting
  1822 | D:3      | Reached XP level 6. HP: 29/42 MP: 6/6
  1905 | D:3      | Noticed Grinder
  1915 | D:3      | Killed Grinder
  1916 | D:3      | Reached skill level 6 in Shapeshifting
  1916 | D:3      | Reached XP level 7. HP: 32/46 MP: 7/7
  2828 | D:4      | You fall into a shaft and drop 2 floors!
  2870 | D:6      | Reached skill level 7 in Shapeshifting
  3048 | D:6      | Found Suwek's Armour Emporium.
  3060 | D:6      | Reached skill level 5 in Unarmed Combat
  3343 | D:6      | Found a staircase to the Ecumenical Temple.
  3427 | Temple   | Entered the Ecumenical Temple
  3442 | Temple   | Became a worshipper of Makhleb the Destroyer
  3493 | D:6      | Reached XP level 8. HP: 52/52 MP: 8/8
  3687 | D:6      | Found an iron altar of Okawaru.
  4240 | D:7      | Slain by an orc warrior

Illustrated notes

Levels and vault maps discovered:
D:1:      heliophobic_arrival_battle_scene, layout_basic
D:2:      layout_basic, serial_shops, nicolae_shop_competitors_out_of_business,
          minmay_snake_closets
D:3:      layout_loops_ring, kiku_gazebo_pond_becter,
          chequers_ecumenical_altar_island,
          hangedman_abyss_or_decor_lesser_grid, serial_bayou_crossing,
          uniq_grinder, uniq_sigmund
D:4:      layout_rooms
D:6:      layout_loops_corners, okawaru_metal_pillars_1_2,
          minmay_temple_entry_junction, serial_shops, shop
D:7:      layout_basic, mainiacjoe_overflow_six_doors_small,
          kennysheep_orc_sif_temple, mainiacjoe_overflow_surrounded_room,
          gammafunk_temple_overflow_forgotten, serial_shops,
          nicolae_shop_waterfront, minmay_misc_feat_encased,
          nicolae_nh_ransacked_shop, uniq_menkaure
Temple:   nicolae_temple_bog_church

Skill      XL: |  1  2  3  4  5  6  7  8 |
---------------+-------------------------+-----
Fighting       | 2 3 |  3.0
Shapeshifting  | 4 5 6 7 |  7.0
Unarmed Combat | 5 |  5.0
Dodging        | 3 |  3.3

Action                     |  1- 3 |  4- 6 |  7- 9 || total
---------------------------+-------+-------+-------++-------
  Melee: Unarmed           |    45 |    48 |    59 ||   152
         Constrict         |    10 |    21 |    20 ||    51
         Tentacles         |     6 |    16 |    17 ||    39
         Punch             |     1 |     2 |     2 ||     5
    Use: Scroll            |       |     5 |     5 ||    10
   Stab: Sleeping          |     1 |     5 |     3 ||     9
 Armour: Skin              |    16 |    19 |    29 ||    64
  Dodge: Dodged            |    24 |    22 |    27 ||    73
   Form: Beast             |     2 |       |       ||     2
                           |     1 |       |       ||     1

Table legend: (Time is in decaauts)
 A = Elapsed time spent in this place.
 B = Non-inter-level travel time spent in this place.
 C = Inter-level travel time spent in this place.
 D = Time resting spent in this place.
 E = Time spent auto-exploring this place.
 F = Levels seen in this place.
 G = Mean time per level.
                   A        B        C        D        E       F      G
               +--------+--------+--------+--------+--------+-----+--------+
         Total |   4228 |   3977 |    251 |    261 |   3266 |   7 |  604.0 |
       Dungeon |   4197 |   3976 |    221 |    261 |   3266 |   6 |  699.5 |
        Temple |     30 |      1 |     29 |      0 |      0 |   1 |   30.0 |
               +--------+--------+--------+--------+--------+-----+--------+

Top non-repeatable levels by time:
     D:6: 1360 daAuts
     D:3: 897 daAuts
     D:2: 824 daAuts
     D:1: 779 daAuts
     D:4: 318 daAuts
  Temple: 30 daAuts
     D:7: 17 daAuts
